 Dungeon Crawl Stone Soup version 0.27.1-1-g398f81649c (webtiles) character file.

Game seed: 12710560076184751739

47 MajorAdolf the Chiller (level 3, -4/30 HPs)
             Began as a Naga Wanderer on Sept 5, 2021.
             Slain by a worm (9 damage)
             ... on level 2 of the Dungeon.
             The game lasted 00:04:53 (2495 turns).

MajorAdolf the Chiller (Naga Wanderer)              Turns: 2495, Time: 00:04:53

Health: -4/30      AC:  5    Str: 12    XL:     3   Next: 70%
Magic:  4/6        EV:  9    Int: 13    God:
Gold:   63         SH:  0    Dex: 12    Spells: 2/6 levels left

rFire    . . .     SeeInvis +   d - +0 falchion
rCold    . . .     Faith    .   (no shield)
rNeg     . . .     Spirit   .   c - +2 leather armour
rPois    +         Reflect  .   h - +0 helmet
rElec    .         Harm     .   (no cloak)
rCorr    .         Rampage  .   (no gloves)
Will     .....                  (no barding)
Stlth    ++........             (no amulet)
HPRegen  0.10/turn              (no ring)
MPRegen  0.10/turn              (no ring)

@: short of breath, very slow
A: AC +1, large, see invisible, deformed body, poison resistance, slowness 2,
spit poison 1, naga tail 1
a: Spit Poison


You were on level 2 of the Dungeon.
You visited 1 branch of the dungeon, and saw 2 of its levels.

You collected 63 gold pieces.

Inventory:

Hand Weapons
 d - a +0 falchion (weapon)
 g - a +0 spear
Missiles
 e - 48 stones (quivered)
Armour
 c - a +2 leather armour (worn)
 h - a +0 helmet (worn)
Scrolls
 f - 2 scrolls of enchant weapon {unknown}
Potions
 a - a potion of haste {unknown}
 i - a potion of curing {unknown}
Miscellaneous
 b - a piece from Xom's chessboard (15/15)


   Skills:
 + Level 0.3 Fighting
 - Level 2.0 Long Blades
 - Level 1.0 Dodging
 + Level 1.9 Stealth
 - Level 2.0 Spellcasting
 - Level 1.0 Translocations
 - Level 2.0 Fire Magic
 + Level 3.0 Ice Magic
 - Level 1.0 Evocations


You had 2 spell levels left.
You knew the following spells:

 Your Spells              Type           Power      Damage    Failure   Level
a - Freeze                Ice            36%        1d6       10%         1
b - Ozocubu's Armour      Ice            9%         N/A       28%         3

Your spell library contained the following spells:

 Spells                   Type           Power      Damage    Failure   Level


Dungeon Overview and Level Annotations

Branches:
Dungeon (2/15)

Altars:
Vehumet


Innate Abilities, Weirdness & Mutations

Your serpentine skin is tough. (AC +1)
You have supernaturally acute eyesight. (SInv)
Armour fits poorly on your strangely shaped body.
Your system is resistant to poisons. (rPois)
You cover ground very slowly.
You can spit poison.
You have a snake-like lower body.


Message History

The worm bites you!
You barely miss the worm.
The worm is heavily wounded.
You see here a +0 robe.
The worm looks more healthy.
Casting: Ozocubu's Armour (quite dangerous; 28% risk of failure)
Confirm with . or Enter, or press ? or * to list all spells.
Aiming: Freeze (safe; 10% risk of failure)
Press: ? - help, Shift-Dir - straight line, f/p - worm
Aim: a worm (heavily wounded)
You freeze the worm.
The worm is heavily wounded.
Casting: Freeze (safe; 10% risk of failure)
Confirm with . or Enter, or press ? or * to list all spells.
Aiming: Freeze (safe; 10% risk of failure)
Press: ? - help, Shift-Dir - straight line, f/p - worm
Aim: a worm (heavily wounded)
You freeze the worm.
The worm is almost dead.
The worm bites you.
Casting: Freeze (safe; 10% risk of failure)
Confirm with . or Enter, or press ? or * to list all spells.
Aiming: Freeze (safe; 10% risk of failure)
Press: ? - help, Shift-Dir - straight line, f/p - worm
Aim: a worm (severely wounded)
You miscast Freeze.
You are very lightly contaminated with residual magic.
Nothing appears to happen.
The worm bites you!
* * * LOW HITPOINT WARNING * * *
Unknown command.
Press: ? - help, Shift-Dir - straight line, f/p - worm
Aim: a worm (severely wounded)
The splash of poison hits the worm.
The worm is poisoned.
The worm is almost dead.
Unknown command.
A rat comes into view.
The rat moves out of view.
Your magical contamination has completely faded away.
The worm looks more healthy.
The worm bites you!
You die...

#.#
#........#.#.#
#.#
#######.#.#.#
#.# #..#.# .#
#######.#.#.#.#
#.....†.......#
#.#####.####.##.
#.#####.........
#.##............
#@##.#######.###
#.w........# #
####.#####.# #.#
#.# #.# #
#.#.###.#
########[[......
[..........###.#


You could see a worm.

Vanquished Creatures
  An adder (D:2)
  A bat (D:1)
  5 endoplasms
  4 giant cockroaches
  2 goblins (D:1)
  6 hobgoblins
  A kobold (D:2)
  2 quokkas
  5 ball pythons
  5 frilled lizards (D:1)
  A rat (D:2)
33 creatures vanquished.

Notes
Turn   | Place    | Note
-------+----------+-------------------------------------------
     0 | D:1      | MajorAdolf the Naga Wanderer began the quest for the Orb.
     0 | D:1      | MajorAdolf set off with the following items: a +0 club, a
                  | piece from Xom's chessboard (15/15), a +2 leather armour;
                  | and the following spell memorised: Freeze; and the
                  | following spells available to memorise: Ozocubu's Armour
     0 | D:1      | Reached XP level 1. HP: 15/15 MP: 3/3
   324 | D:1      | Reached skill level 1 in Ice Magic
   653 | D:1      | Reached XP level 2. HP: 20/22 MP: 5/5
   987 | D:1      | Reached skill level 2 in Ice Magic
  1781 | D:1      | Reached XP level 3. HP: 25/28 MP: 4/6
  1785 | D:1      | Learned a level 3 spell: Ozocubu's Armour
  2019 | D:2      | Found a radiant altar of Vehumet.
  2134 | D:2      | Reached skill level 3 in Ice Magic
  2495 | D:2      | Slain by a worm

Illustrated notes

Levels and vault maps discovered:
D:1:      erik_arrival_cave_to_civilisation [erik_arrival_cave_to_hall],
          layout_basic
D:2:      layout_loops_ring, basic_altar, minivault_23

Skill      XL: |  1  2  3 |
---------------+----------+-----
Ice Magic      | 1 2 3 |  3.0
Fighting       | |  0.3
Long Blades    | |  2.0
Dodging        | |  1.0
Stealth        | |  1.9
Spellcasting   | |  2.0
Translocations | |  1.0
Fire Magic     | |  2.0
Evocations     | |  1.0

Action                   || total
-------------------------++-------
Melee: Trident           ||    23
       Club              ||     2
       Spear             ||     7
       Falchion          ||    26
Throw: Stone             ||    52
 Cast: Freeze            ||    11
       Ozocubu's Armour  ||     1
 Abil: Spit Poison       ||    23
 Stab: Sleeping          ||     1
Armor: Leather armour    ||    28
Dodge: Dodged            ||    35
       Rpst.: Falchion   ||     4
